 Dungeon Crawl Stone Soup version 0.29.0-5-ge4962eb29e (webtiles) character file.

Game seed: 11890311129291490073

111958 sanka the Brawler (level 16, 0/161 HPs)
             Began as a Troll Monk on Aug 29, 2022.
             Was a High Priest of Okawaru.
             Slain by a hell knight
             ... wielding a +4 halberd
              (6 damage)
             ... on level 3 of the Depths.
             The game lasted 00:45:01 (18326 turns).

sanka the Brawler (Troll Monk)                     Turns: 18326, Time: 00:45:02

Health: 0/161      AC: 27    Str: 31    XL:     16   Next: 10%
Magic:  21/21      EV: 14    Int:  8    God:    Okawaru [*****.]
Gold:   1674       SH:  0    Dex: 27    Spells: 15/15 levels left

rFire   + + +      SeeInvis .     - Unarmed
rCold   + . .      Faith    .   (no shield)
rNeg    . . .      Spirit   .   I - +6 gold dragon scales "Jabb" {rPois rF+ rC+ Dex+8 Slay+3}
rPois   +          Reflect  .   x - +0 hat {Stlth+}
rElec   .          Harm     .   K - scarf {repulsion}
rCorr   .          Rampage  .   (gloves unavailable)
Will    +....                   (boots unavailable)
Stlth   ..........              e - amulet of magic regeneration
HPRegen 1.16/turn               L - ring of Ybararan {*Corrode rF++ Str+6 Int+2 Dex+3}
MPRegen 0.57/turn               V - +4 ring of slaying

@: about to teleport, heroic, repel missiles
A: large, unfitting armour, claws 3, regeneration 1, shaggy fur 1, tough skin 1
a: Renounce Religion, Heroism, Finesse, Duel


You were on level 3 of the Depths.
You worshipped Okawaru.
Okawaru was extremely pleased with you.
You visited 3 branches of the dungeon, and saw 20 of its levels.
You visited the Abyss 1 time.
You also visited: Sewer.

You collected 1786 gold pieces.
You spent 112 gold pieces at shops.


Innate Abilities, Weirdness & Mutations

You are too large for most types of armour.
You have claws for hands.
Your natural rate of healing is unusually fast.
You are covered in fur. (AC +1)
You have tough skin. (AC +1)


   Skills:
 + Level 10.6(15.6) Fighting
 + Level 8.0(13.0) Throwing
 + Level 8.0(13.0) Armour
 - Level 9.1(14.1) Dodging
 - Level 1.0(6.0) Stealth
 * Level 19.1(24.1) Unarmed Combat
 + Level 9.2 Invocations


You had 15 spell levels left.
You didn't know any spells.
Your spell library contained the following spells:

 Spells                   Type           Power      Damage    Failure   Level
 Apportation              Tloc           0%         N/A       100%        1
 Foxfire                  Conj/Fire      0%         2x1d4     100%        1
 Necrotise                Necr           0%         1d4       100%        1
 Scorch                   Fire           0%         2d5       100%        2
 Conjure Flame            Conj/Fire      0%         6-21      100%        3
 Frozen Ramparts          Ice            0%         1d1       100%        3
 Ignite Poison            Fire/Tmut/Pois 0%         N/A       100%        3
 Inner Flame              Hex/Fire       0%         N/A       100%        3
 Ozocubu's Armour         Ice            0%         N/A       100%        3
 Vampiric Draining        Necr           0%         2d6       100%        3
 Cause Fear               Hex            0%         N/A       100%        4
 Flame Wave               Conj/Fire      0%         2d4       100%        4
 Ice Form                 Ice/Tmut       0%         N/A       100%        4
 Sticky Flame             Conj/Fire      0%         2d3       100%        4
 Agony                    Necr           0%         N/A       100%        5
 Dispersal                Tloc           0%         N/A       100%        6
 Ozocubu's Refrigeration  Ice            0%         4d7       100%        7
 Discord                  Hex            0%         N/A       100%        8
 Disjunction              Tloc           0%         N/A       100%        8
 Summon Small Mammal      Summ           Unusable   N/A       N/A         1
 Summon Ice Beast         Ice/Summ       Unusable   N/A       N/A         4
 Summon Cactus Giant      Summ           Unusable   N/A       N/A         6

Inventory:

Hand Weapons
 b - a +3 scimitar of flaming
 W - the +10 hand axe "Izios" {drain, rElec rF- rCorr MP-9} A truly terrible weapon, it drains the life of any living foe it strikes. rF: It makes you vulnerable to fire. rElec: It insulates you from electricity. MP: It affects your magic capacity (-9). rCorr: It protects you from acid and corrosion.
Missiles
 t - 11 javelins
 D - a throwing net {=f}
 O - 5 curare-tipped darts {=f}
 P - 34 large rocks {=f}
 T - 11 silver javelins
Armour
 x - a +0 hat of stealth (worn)
 I - the +6 gold dragon scales "Jabb" (worn) {rPois rF+ rC+ Dex+8 Slay+3}

   Dex:       It affects your dexterity (+8).
   Slay:      It affects your accuracy & damage with ranged weapons and melee
   (+3).
   rF:        It protects you from fire.
   rC:        It protects you from cold.
   rPois:     It protects you from poison.
 K - a scarf of repulsion (worn)
 M - +0 storm dragon scales
Jewellery
 e - an amulet of magic regeneration (around neck)
 j - a ring of protection from cold
 y - a +6 ring of dexterity
 C - a ring of positive energy
 G - a +6 ring of dexterity
 L - the ring of Ybararan (left claw) {*Corrode rF++ Str+6 Int+2 Dex+3}

   [ring of strength]

   Str:       It affects your strength (+6).
   Int:       It affects your intelligence (+2).
   Dex:       It affects your dexterity (+3).
   rF:        It greatly protects you from fire.
   *Corrode:  It may corrode you when you take damage.
 Q - a ring of poison resistance
 S - a ring of protection from cold
 V - a +4 ring of slaying (right claw)
Wands
 m - a wand of flame (10)
 r - a wand of iceblast (11)
 u - a wand of polymorph (23)
 H - a wand of paralysis (11)
 R - a wand of digging (1)
Scrolls
 k - 9 scrolls of teleportation {@r4}
 l - a scroll of identify {@r1}
 n - a scroll of fear
 o - 5 scrolls of blinking
 p - 2 scrolls of noise {!r}
 q - 3 scrolls of immolation {!r}
 s - 2 scrolls of poison {!r}
 w - 3 scrolls of fog
 B - a scroll of enchant armour
 J - 3 scrolls of vulnerability {!r}
 N - a scroll of silence {!r}
Potions
 a - 2 potions of haste {unknown}
 c - 7 potions of curing {@q1}
 d - a potion of lignification {unknown}
 f - 3 potions of berserk rage {!q}
 g - 2 potions of cancellation {unknown}
 h - 2 potions of mutation {unknown}
 i - a potion of magic {unknown}
 v - 3 potions of attraction {!q}
 z - 2 potions of resistance
 A - 3 potions of flight
 E - 3 potions of invisibility
 F - 3 potions of might {unknown}
 U - 7 potions of brilliance

Dungeon Overview and Level Annotations

Branches:
Dungeon (15/15)            Temple (1/1) D:5            Lair (0/5) D:8
    Orc (0/2) D:11         Vaults (0/5) D:14         Depths (4/4) D:15
  Sewer (visited)
    Zot: Depths:4

Altars:
Ashenzari
Cheibriados
Dithmenos
Elyvilon
Fedhas
Gozag
Hepliaklqana
Kikubaaqudgha
Makhleb
Nemelex Xobeh
Okawaru
Qazlal
Ru
Sif Muna
Trog
Uskayaw
Vehumet
Wu Jian
Xom
Yredelemnul
Zin
The Shining One

Shops:
D:5 :   D:8 !   D:14 [   D:15 (

Portals:
Hell: Depths:1 Depths:2
Pandemonium: Depths:2
Trove: D:11 (give 7 scrolls of fear)

Annotations:
D:8 exclusion: downstairs
D:11 exclusion: downstairs
Depths:4 Vv

...P..............###.▒▒
▒▒▒▒
.........▒▒.......p#≈p.▒
.......)..▒▒....p.#..▒
♣♣♣....))../....▒#...▒ .
♣P.†.[÷.▒▒....▒....▒
..♣♣♣P.....▒▒..p.▒▒....▒
..........†.▒▒▒p▒▒▒▒▒▒▒▒
...^........[▒...▒
.............▒..T▒▒
.......▒▒...▒▒....▒
.▒▒..▒.▒▒.▒▒▒▒..▒▒▒
▒▒.▒▒▒▒▒▒ ▒▒▒▒ ▒


You could see a hell knight (fast) and a necromancer (soul bound).


Message History

The bolt of fire misses you.
The hell knight hits you from afar with a +4 halberd!
* * * LOW HITPOINT WARNING * * *
You claw the hell knight!
You kill the hell knight!
Okawaru accepts your kill.
A freezing mist starts to gather...
A hell knight simulacrum comes into view.
The hell knight hits you from afar with a +4 halberd.
* * * LOW HITPOINT WARNING * * *
You eviscerate the hell knight simulacrum!!!
The hell knight simulacrum vaporises!
The hell knight hits you from afar with a +4 halberd!
* * * LOW HITPOINT WARNING * * *
Unknown command.
Okay, then.
Unknown command.
As you read the scroll of fear, it crumbles to dust.
You assume a fearsome visage.
The hell knight resists with almost no effort.
The hell knight hits you from afar with a +4 halberd!
* * * LOW HITPOINT WARNING * * *
Unknown command.
Unknown command.
Unknown command.
The hell knight hits you but does no damage.
As you read the scroll of teleportation {@r4}, it crumbles to dust.
You feel strangely unstable.
The hell knight hits you from afar with a +4 halberd.
You die...

Action                   |  1- 3 |  4- 6 |  7- 9 | 10-12 | 13-15 | 16-18 || total
-------------------------+-------+-------+-------+-------+-------+-------++-------
Melee: Unarmed           |    91 |    97 |   207 |   398 |   614 |    32 ||  1439
       Punch             |     2 |     5 |    12 |    42 |   103 |     5 ||   169
       Scimitar          |       |       |       |       |    11 |       ||    11
Throw: Large rock        |       |       |       |     9 |     4 |       ||    13
       Javelin           |       |       |       |     6 |       |       ||     6
Invok: Heroism           |       |       |     4 |    16 |    27 |     2 ||    49
       Duel              |       |       |       |       |     2 |       ||     2
       Finesse           |       |       |       |       |       |     1 ||     1
  Use: Potion            |       |     1 |       |     2 |     2 |       ||     5
       Scroll            |       |       |    11 |     5 |    13 |     2 ||    31
 Stab: Sleeping          |     8 |     1 |     7 |     2 |       |       ||    18
       Invisible         |       |       |       |       |     1 |       ||     1
Armor: Robe              |    17 |    40 |    17 |       |       |       ||    74
       Steam dragon scal |       |       |    44 |    36 |       |       ||    80
       Storm dragon scal |       |       |       |    42 |       |       ||    42
       Gold dragon scale |       |       |       |    45 |   376 |    31 ||   452
Dodge: Dodged            |    35 |    58 |    90 |   213 |   279 |    10 ||   685
       Repelled          |       |       |       |     2 |     7 |       ||     9

Levels and vault maps discovered:
D:1:      dpeg_arrival_round_c, layout_basic, chequers_ecumenical_altar_lobes
D:2:      layout_loops_corners, minmay_door_square, reono_crystal_passage,
          roderic_lattice_a, minmay_splitting_lines
D:3:      layout_basic
D:4:      layout_cave_pods, serial_rivers, chequers_serial_rivers_small_b,
          chequers_serial_rivers_large_a, chequers_serial_rivers_micro_a,
          chequers_serial_rivers_micro_a, chequers_serial_rivers_micro_d,
          chequers_serial_rivers_micro_d, uniq_eustachio
D:5:      layout_basic, zin_academy, minmay_temple_entry_water_ring,
          serial_shops, shop, water_maze_lemuel
D:6:      cheibrodos_steamvent, layout_cave_pools, tgw_sif,
          grunt_dithmenos_smoke_and_mirrors, nicolae_elyvilon_temple_path,
          gup_sewer_entry_bubbles
D:7:      nicolae_cairo_tiling_very_big, layout_loops_ring, marbit_many_paths,
          nicolae_gozag_cash_rules_everything_around_me, old_standard_altar,
          lightli_temple_of_fire, hangedman_abyss_or_decor_stabs,
          kennysheep_generic_room_6
D:8:      layout_loops_ring, mainiacjoe_overflow_six_doors_small,
          lair_entry_dummy, serial_shops, shop, uniq_pikel
D:9:      layout_gridville, nicolae_overflow_squiral
D:10:     minmay_clustersquares, layout_loops_ring
D:11:     layout_long_grid, minmay_orc_entry_temple_small,
          nicolae_trove_entry_path_of_doom, nrook_guardian_serpent_double,
          uniq_sonja, uniq_josephine
D:12:     minmay_angry_zag, layout_irregular_city, minivault_13, uniq_lodul
D:13:     layout_roguey, uniq_azrael
D:14:     layout_basic, david_vaults_4, serial_shops, shop,
          kennysheep_generic_room_8
D:15:     hangedman_depths_entry_civil_slaughter, layout_loops_ring,
          okawaru_ov_weapons_minmay, serial_shops,
          nicolae_shop_bloodbath_and_beyond
Temple:   nicolae_temple_ecumenical_triangle
Depths:1: layout_cave_pools, kennysheep_donut, pf_vacation_house_of_asmodeus,
          nicolae_wu_jian_immortal_techniques
Depths:2: evilmike_makhleb_hellhole, layout_cave_shapes, lightli_too_deep,
          nicolae_twisting_strands, grunt_pan_entry_in_and_out,
          chequers_serial_rivers_marsh, lightli_minifort
Depths:3: minmay_bloctagon_deflated, layout_cave_pools, enter_ziggurat_f,
          kennysheep_boxes, gammafunk_ghost_tricky_traps, hell_entry,
          abyss_entry
Depths:4: evilmike_zot_entry_argh, layout_cave_pools,
          hangedman_abyss_entry_splay, hell_entry,
          chequers_serial_rivers_small_b, st_stairs_14, minmay_fountain_box,
          hangedman_decor_lopped, uniq_vv

Notes
Turn   | Place    | Note
-------+----------+-------------------------------------------
     0 | D:1      | sanka the Troll Monk began the quest for the Orb.
     0 | D:1      | Reached XP level 1. HP: 22/22 MP: 0/0
   122 | D:1      | Reached XP level 2. HP: 24/29 MP: 1/1
   258 | D:1      | Reached skill level 4 in Unarmed Combat
   407 | D:1      | Found a faded altar of an unknown god.
   785 | D:1      | Reached XP level 3. HP: 35/36 MP: 2/2
  1848 | D:3      | Reached skill level 5 in Unarmed Combat
  1848 | D:3      | Reached XP level 4. HP: 42/44 MP: 3/3
  2543 | D:4      | Reached XP level 5. HP: 49/50 MP: 4/4
  2569 | D:4      | Noticed an ogre
  2581 | D:4      | Killed an ogre
  2582 | D:4      | Reached skill level 6 in Unarmed Combat
  2582 | D:4      | HP: 4/50 [poisoned by a kobold]
  2732 | D:4      | Noticed a black bear
  2741 | D:4      | Killed a black bear
  2742 | D:4      | Reached skill level 7 in Unarmed Combat
  2742 | D:4      | Reached XP level 6. HP: 52/59 MP: 5/5
  2839 | D:4      | Identified the +3 scale mail "Siff" {rC++}
  2882 | D:4      | Identified a +0 robe of the Archmagi
  2957 | D:4      | Noticed Eustachio
  2974 | D:4      | Killed Eustachio
  2975 | D:4      | Reached skill level 8 in Unarmed Combat
  2975 | D:4      | Reached XP level 7. HP: 22/66 MP: 6/6
  3550 | D:5      | Entered Level 5 of the Dungeon
  3550 | D:5      | Found a glowing silver altar of Zin.
  3575 | D:5      | Reached skill level 9 in Unarmed Combat
  3582 | D:5      | Found Qufed's Book Shop.
  3686 | D:5      | Found a staircase to the Ecumenical Temple.
  3699 | Temple   | Entered the Ecumenical Temple
  3744 | Temple   | Became a worshipper of Warmaster Okawaru
  3744 | Temple   | Reached * piety under Okawaru
  3744 | Temple   | Reached ** piety under Okawaru
  3905 | D:5      | Reached skill level 1 in Invocations
  4117 | D:5      | Reached XP level 8. HP: 73/74 MP: 6/8
  4400 | D:6      | Identified +0 steam dragon scales
  4401 | D:6      | Reached skill level 2 in Invocations
  4405 | D:6      | Identified +0 steam dragon scales
  4406 | D:6      | Reached skill level 10 in Unarmed Combat
  4406 | D:6      | Reached skill level 3 in Invocations
  4429 | D:6      | Reached skill level 4 in Invocations
  4492 | D:6      | Found a shadowy altar of Dithmenos.
  4566 | D:6      | Found a white marble altar of Elyvilon.
  4676 | D:6      | Found a glowing drain.
  4686 | Sewer    | Entered a sewer
  4719 | Sewer    | Noticed Pargi
  4727 | Sewer    | Killed Pargi
  4728 | Sewer    | Reached skill level 3 in Fighting
  4728 | Sewer    | Reached skill level 3 in Dodging
  4896 | D:6      | Reached *** piety under Okawaru
  4905 | D:6      | Reached XP level 9. HP: 70/83 MP: 11/11
  5006 | D:6      | Found a shimmering blue altar of Sif Muna.
  5365 | D:7      | Found a sacrificial altar of Ru.
  5372 | D:7      | Reached skill level 11 in Unarmed Combat
  5403 | D:7      | Found a bloodstained altar of Trog.
  5533 | D:7      | Reached skill level 4 in Fighting
  5533 | D:7      | Reached skill level 4 in Dodging
  5542 | D:7      | Reached **** piety under Okawaru
  5764 | D:7      | Found an opulent altar of Gozag.
  5826 | D:7      | Found a basalt altar of Yredelemnul.
  6321 | D:8      | Reached skill level 12 in Unarmed Combat
  6359 | D:8      | Found Seenwemn's Distillery.
  6367 | D:8      | Bought a potion of heal wounds for 70 gold pieces
  6381 | D:8      | Reached XP level 10. HP: 91/94 MP: 12/12
  6405 | D:8      | Found a staircase to the Lair.
  6434 | D:8      | Found a burning altar of Makhleb.
  6517 | D:8      | Noticed a two-headed ogre
  6524 | D:8      | Killed a two-headed ogre
  6524 | D:8      | Reached ***** piety under Okawaru
  6525 | D:8      | Reached skill level 5 in Fighting
  6525 | D:8      | Reached skill level 5 in Dodging
  6681 | D:8      | Noticed Pikel
  6691 | D:8      | Killed Pikel
  6859 | D:9      | Found a sparkling altar of Nemelex Xobeh.
  6862 | D:9      | Found a radiant altar of Vehumet.
  7401 | D:9      | Noticed a two-headed ogre
  7408 | D:9      | Killed a two-headed ogre
  7409 | D:9      | Reached skill level 13 in Unarmed Combat
  7501 | D:9      | Received a gift from Okawaru
  7595 | D:9      | Identified the ring of Ybararan {*Corrode rF++ Str+6 Int+2
                  | Dex+3}
  7663 | D:10     | Entered Level 10 of the Dungeon
  7848 | D:10     | Noticed a brown ugly thing
  7871 | D:10     | Reached skill level 6 in Fighting
  7871 | D:10     | Reached skill level 6 in Dodging
  7914 | D:10     | HP: 7/98 [troll (15)]
  7916 | D:10     | Reached XP level 11. HP: 9/105 MP: 11/13
  8026 | D:10     | Killed a brown ugly thing
  8065 | D:10     | Identified the +6 leather armour "Hetoij" {rF+ rCorr Int+3
                  | Slay+2}
  8226 | D:10     | Reached skill level 14 in Unarmed Combat
  8789 | D:11     | Identified +0 storm dragon scales
  8900 | D:11     | Noticed a two-headed ogre
  8910 | D:11     | Killed a two-headed ogre
  8910 | D:11     | Identified the +0 broad axe of the Sun {pain, *Corrode
                  | Dex+7} (Okawaru gifted it to you on level 11 of the
                  | Dungeon)
  8910 | D:11     | Received a gift from Okawaru
  8911 | D:11     | Reached skill level 7 in Fighting
  8911 | D:11     | Reached skill level 1 in Armour
  8911 | D:11     | Reached skill level 7 in Dodging
  9051 | D:11     | Noticed Sonja
  9064 | D:11     | Killed Sonja
  9170 | D:11     | Noticed Josephine
  9221 | D:11     | Killed Josephine
  9222 | D:11     | Reached skill level 2 in Armour
  9398 | D:11     | Found a portal to a secret trove of treasure.
  9645 | D:11     | Found a staircase to the Orcish Mines.
  9831 | D:11     | Reached skill level 15 in Unarmed Combat
  9885 | D:11     | Noticed a soul eater
  9891 | D:11     | Reached XP level 12. HP: 101/118 MP: 11/14
 10048 | D:12     | Found a runed translucent door.
 10049 | D:12     | Noticed a storm dragon
 10067 | D:12     | Killed a storm dragon
 10176 | D:12     | Noticed a yaktaur captain
 10177 | D:12     | Reached skill level 1 in Throwing
 10177 | D:12     | Reached skill level 3 in Armour
 10190 | D:12     | Killed a yaktaur captain
 10190 | D:12     | Received a gift from Okawaru
 10377 | D:12     | Identified the +1 gold dragon scales of the Garden {rPois
                  | rF+ rC+ Regen+ rCorr Str+3} (Okawaru gifted it to you on
                  | level 12 of the Dungeon)
 10377 | D:12     | Received a gift from Okawaru
 10492 | D:12     | Reached skill level 2 in Throwing
 10553 | D:12     | Noticed Lodul
 10597 | D:12     | Killed Lodul
 10671 | D:12     | Noticed an eight-headed hydra
 10796 | D:12     | Reached skill level 8 in Dodging
 10969 | D:12     | Noticed a six-headed hydra
 10977 | D:12     | Killed a six-headed hydra
 10978 | D:12     | Reached skill level 8 in Fighting
 10978 | D:12     | Reached skill level 5 in Invocations
 11021 | D:12     | Reached skill level 4 in Armour
 11172 | D:12     | Killed an eight-headed hydra
 11173 | D:12     | Reached skill level 3 in Throwing
 11313 | D:12     | Noticed a centaur warrior
 11325 | D:12     | Killed a centaur warrior
 11389 | D:13     | Noticed a seven-headed hydra
 11404 | D:13     | Killed a seven-headed hydra
 11405 | D:13     | Reached skill level 16 in Unarmed Combat
 11405 | D:13     | Reached XP level 13. HP: 127/127 MP: 13/15
 11704 | D:13     | Noticed Azrael
 11718 | D:13     | Killed Azrael
 11931 | D:13     | Reached ****** piety under Okawaru
 12283 | D:14     | Identified the +6 gold dragon scales "Jabb" {rPois rF+ rC+
                  | Dex+8 Slay+3} (Okawaru gifted it to you on level 14 of the
                  | Dungeon)
 12283 | D:14     | Received a gift from Okawaru
 12383 | D:14     | Reached skill level 4 in Throwing
 12400 | D:14     | Reached skill level 6 in Invocations
 12738 | D:14     | Reached skill level 5 in Armour
 13315 | D:14     | Received a gift from Okawaru
 13316 | D:14     | Reached skill level 5 in Throwing
 13316 | D:14     | Reached skill level 9 in Dodging
 13316 | D:14     | Reached XP level 14. HP: 109/137 MP: 15/17
 13360 | D:14     | Found a gate to the Vaults.
 13623 | D:14     | Found Busegrik's Armour Shoppe.
 13718 | D:15     | Entered Level 15 of the Dungeon
 13746 | D:15     | Reached skill level 17 in Unarmed Combat
 13790 | D:15     | Received a gift from Okawaru
 13791 | D:15     | Reached skill level 9 in Fighting
 13973 | D:15     | Found a staircase to the Depths.
 14183 | D:15     | Found an iron altar of Okawaru.
 14190 | D:15     | Identified the +10 hand axe "Izios" {drain, rElec rF- rCorr
                  | MP-9}
 14243 | D:15     | Found Dajuis's Weapon Shop.
 14664 | D:8      | Bought a potion of attraction for 42 gold pieces
 14820 | Depths:1 | Entered Level 1 of the Depths
 14823 | Depths:1 | Reached skill level 7 in Invocations
 14837 | Depths:1 | Noticed a stone giant
 14843 | Depths:1 | Received a gift from Okawaru
 14846 | Depths:1 | Reached skill level 6 in Armour
 14852 | Depths:1 | Killed a stone giant
 15052 | Depths:1 | Found a gateway to Hell.
 15190 | Depths:1 | Reached skill level 6 in Throwing
 15289 | Depths:1 | Noticed a sphinx
 15304 | Depths:1 | Killed a sphinx
 15304 | Depths:1 | Received a gift from Okawaru
 15431 | Depths:1 | Found an ornate altar of the Wu Jian Council.
 15520 | Depths:2 | Noticed a stone giant
 15530 | Depths:2 | HP: 7/140 [spriggan air mage/the air (18)]
 15531 | Depths:2 | Killed a stone giant
 15538 | Depths:2 | Received a gift from Okawaru
 15636 | Depths:2 | Noticed a fire giant
 15638 | Depths:2 | Noticed a white very ugly thing
 15640 | Depths:2 | Noticed a white very ugly thing
 15641 | Depths:2 | Noticed a stone giant
 15643 | Depths:2 | Killed a fire giant
 15646 | Depths:2 | Noticed a tengu reaver
 15649 | Depths:2 | Killed a white very ugly thing
 15655 | Depths:1 | Killed a stone giant
 15655 | Depths:1 | Received a gift from Okawaru
 15660 | Depths:1 | Killed a red very ugly thing
 15695 | Depths:2 | Noticed a frost giant
 15705 | Depths:2 | Killed a tengu reaver
 15800 | Depths:2 | Killed a frost giant
 15801 | Depths:2 | Reached skill level 18 in Unarmed Combat
 15801 | Depths:2 | Reached XP level 15. HP: 126/149 MP: 16/19
 15889 | Depths:2 | Noticed a frost giant
 15919 | Depths:2 | Killed a frost giant
 16036 | Depths:2 | Reached skill level 8 in Invocations
 16137 | Depths:2 | Received a gift from Okawaru
 16234 | Depths:2 | Reached skill level 7 in Armour
 16248 | Depths:2 | Received a gift from Okawaru
 16415 | Depths:2 | Noticed a sphinx
 16437 | Depths:1 | Killed a sphinx
 16438 | Depths:1 | Reached skill level 10 in Fighting
 16438 | Depths:1 | Reached skill level 7 in Throwing
 16484 | Depths:2 | Identified +0 ice dragon scales
 16692 | Depths:2 | Received a gift from Okawaru
 16704 | Depths:2 | Noticed an Executioner
 16709 | Depths:2 | Killed an Executioner
 16709 | Depths:2 | Received a gift from Okawaru
 16838 | Depths:2 | Noticed an Executioner
 16838 | Depths:2 | Noticed a Brimstone Fiend
 16839 | Depths:2 | Found a burning altar of Makhleb.
 16839 | Depths:2 | Noticed an Executioner
 16839 | Abyss:3  | Cast into level 3 of the Abyss (a deep elf demonologist)
 16888 | Depths:2 | Escaped the Abyss
 16891 | Arena    | Entered the Arena
 16916 | Arena    | Entered the Arena
 16917 | Arena    | Noticed a Hell Sentinel
 17096 | Depths:2 | Found a one-way gate leading to the halls of Pandemonium.
 17245 | Depths:2 | Killed an Executioner
 17262 | Depths:2 | Killed an Executioner
 17280 | Depths:2 | Killed a Brimstone Fiend
 17294 | Depths:2 | Identified the +10 plate armour of Xouzao {rF+ Dex-3 SInv}
 17674 | Depths:1 | Reached skill level 9 in Invocations
 17680 | Depths:1 | Reached skill level 19 in Unarmed Combat
 17683 | Depths:1 | Identified the +3 robe of the Arena {Str+6 SInv} (Okawaru
                  | gifted it to you on level 1 of the Depths)
 17683 | Depths:1 | Received a gift from Okawaru
 17860 | Depths:4 | Entered Level 4 of the Depths
 17860 | Depths:4 | Noticed a fire giant
 17861 | Depths:4 | Noticed a frost giant
 17864 | Depths:4 | Killed a fire giant
 17867 | Depths:4 | Noticed Vv
 17884 | Depths:4 | Noticed a storm dragon
 17884 | Depths:4 | Noticed a storm dragon
 17887 | Depths:4 | Noticed a fire giant
 17895 | Depths:4 | HP: 12/152 [deep troll earth mage (11)]
 18004 | Depths:3 | Reached XP level 16. HP: 93/159 MP: 21/21
 18096 | Depths:3 | Reached skill level 8 in Throwing
 18124 | Depths:3 | Reached skill level 8 in Armour
 18324 | Depths:3 | HP: 4/161 [hell knight/+4 halberd (15)]
 18326 | Depths:3 | Slain by a hell knight

Vanquished Creatures
  A Brimstone Fiend (Depths:2)
  2 sphinxes (Depths:1)
  3 Executioners (Depths:2)
  A storm dragon (D:12)
  A tengu reaver (Depths:2)
  3 frost giants
  2 fire giants
  A balrug (Depths:2)
  2 very ugly things
  5 stone giants
  6 deep elf demonologists
  Azrael (D:13)
  A blizzard demon (Depths:2)
  4 ettins
  A yaktaur captain (D:12)
  Josephine (D:11)
  4 fire dragons
  A rakshasa (Depths:1)
  5 hydras
  2 spriggan air magi
  A boulder beetle (D:13)
  An ice dragon (Depths:2)
  A death knight (D:15)
  2 centaur warriors
  5 two-headed ogres
  7 tengu warriors
  A vampire mage (Depths:3)
  4 deep troll earth magi
  2 spriggan berserkers
  Sonja (D:11)
  A shock serpent (shapeshifter) (Depths:1)
  17 hell knights
  2 iron trolls (Depths:1)
  A sun demon (Depths:2)
  Lodul (D:12)
  A glowing orange brain (Depths:1)
  3 wizards
  10 deep trolls
  3 necromancers (Depths:2)
  An orc knight (D:15)
  Pikel (D:8)
  A phantasmal warrior (D:12)
  2 manticores
  32 ugly things
  2 deep elf pyromancers
  2 cyclopes (D:12)
  A salamander (shapeshifter) (D:15)
  A rust devil (Depths:2)
  An orange demon (Depths:2)
  A guardian serpent (D:11)
  A smoke demon (Depths:2)
  A hellion (Depths:2)
  A freezing wraith (D:15)
  An unseen horror (D:12)
  3 kobold demonologists (D:11)
  4 tengu conjurers
  A komodo dragon (D:12)
  A hellwing (Depths:2)
  An ice devil (Depths:2)
  2 guardian mummies (D:11)
  6 trolls
  A meliai (shapeshifter) (D:14)
  3 meliai (D:14)
  19 slime creatures
  A tarantella (shapeshifter) (D:15)
  A wind drake (shapeshifter) (D:14)
  A slime creature (shapeshifter) (D:14)
  A vampire (D:10)
  4 shadows
  A centaur simulacrum (D:12)
  A water elemental (Depths:2)
  9 wraiths
  23 yaks
  Eustachio (D:4)
  3 wyverns
  2 basilisks
  3 neqoxecs (Depths:2)
  A basilisk (shapeshifter) (D:14)
  2 chaos spawn (Depths:2)
  A redback (D:12)
  3 fire elementals (D:13)
  5 steam dragons
  3 vampire mosquitoes (D:12)
  2 acid dragons
  A water moccasin (D:6)
  4 hell hounds (D:13)
  Pargi (Sewer)
  2 ice beasts
  6 orc warriors
  2 black bears
  5 boggarts (D:14)
  10 ogres
  6 centaurs
  3 phantoms
  A lemure (D:8)
  2 bullfrogs
  2 necrophages
  3 kobold brigands
  A gnoll sergeant (D:8)
  A scorpion (D:4)
  3 wights (D:9)
  A killer bee (D:10)
  A howler monkey (D:10)
  An electric eel (D:9)
  2 hounds (D:5)
  3 jellies
  5 orc priests
  2 gnoll boudas
  2 iguanas
  9 orc wizards
  11 gnolls
  7 adders
  2 white imps
  A worm (D:2)
  3 dart slugs
  23 orcs
  8 ball pythons
  7 endoplasms
  6 giant cockroaches
  7 goblins
  9 hobgoblins
  2 jackals (D:4)
  14 kobolds
  6 quokkas
  7 bats
  2 frilled lizards
  5 rats
468 creatures vanquished.

Vanquished Creatures (others)
  8 bushes (Depths:3)
  58 plants (Depths:3)
66 creatures vanquished.

Grand Total: 534 creatures vanquished
